BSA
SPRINGFIELD STARS @ VISTA PANTHERS
09/05/2026
 
TOP OF THE 1ST
Springfield Stars batting - Pitching for Vista Panthers : RHP Paco Canpos
Pitching: RHP Paco Canpos
Batting: RHB Calvin Bennett 0-0: Ball
1-0: Called Strike
1-1: Ball
2-1: Foul Ball, location: 2F
2-2: Ball
3-2: Ground out 5-3 (Groundball, 56)
Batting: RHB Norberto Taváres 0-0: Called Strike
0-1: Ball
1-1: Ball
2-1: Foul Ball, location: 2F
2-2: Ball
3-2: Ground out 6-3 (Groundball, 6)
Batting: LHB Derek Davidson 0-0: Called Strike
0-1: Called Strike
0-2: Ball
1-2: Ground out 4-3 (Groundball, 4)
Top of the 1st over - 0 run(s), 0 hit(s), 0 error(s), 0 left on base; Springfield 0 - Vista 0
BOTTOM OF THE 1ST
Vista Panthers batting - Pitching for Springfield Stars : LHP Brock Morris
Pitching: LHP Brock Morris
Batting: RHB Cisco Gatán 0-0: Ball
1-0: Ball
2-0: Ball
3-0: Called Strike
3-1: Ground out 6-3 (Groundball, 6)
Batting: RHB Phil Matthews 0-0: Called Strike
0-1: Foul Ball, location: 2F
0-2: Ball
1-2: Ball
2-2: Fly out, F4 (Popup, 4)
Batting: RHB Salvador Salas 0-0: Ball
1-0: Ball
2-0: Ground out 5-3 (Groundball, 5L)
Bottom of the 1st over - 0 run(s), 0 hit(s), 0 error(s), 0 left on base; Springfield 0 - Vista 0
TOP OF THE 2ND
Springfield Stars batting - Pitching for Vista Panthers : RHP Paco Canpos
Batting: LHB Felipe Guerrero 0-0: Called Strike
0-1: Ground out 6-3 (Groundball, 6)
Batting: RHB Juan Rodríguez 0-0: Ball
1-0: Called Strike
1-1: Foul Ball, location: 2F
1-2: Ball
2-2: DOUBLE (Line Drive, 78M)
Batting: RHB Juan Carlos Rodríguez 0-0: Ball
1-0: Ball
2-0: Foul Ball, location: 2F
2-1: Ball
3-1: Foul Ball, location: 2F
Reached via error on a dropped throw, E3
Juan Rodríguez to third
Batting: SHB Shane Hutchinson 0-0: Foul Ball, location: 2F
0-1: Foul Ball, location: 2F
0-2: Ball
1-2: Ball
Wild Pitch!
Juan Rodríguez scores
Juan Carlos Rodríguez to second
2-2: Ball
3-2: Foul Ball, location: 2F
3-2: Foul Ball, location: 2F
3-2: DOUBLE (Line Drive, 78S)
Juan Carlos Rodríguez scores
Batting: RHB Alberto Campos 0-0: Called Strike
0-1: Ball
1-1: Foul Ball, location: 2F
1-2: Fly out, F9 (Flyball, 89M)
Batting: LHB Jesús Tobías 0-0: Ball
1-0: Foul Ball, location: 2F
1-1: Ground out 4-3 (Groundball, 34)
Top of the 2nd over - 2 run(s), 2 hit(s), 1 error(s), 1 left on base; Springfield 2 - Vista 0
BOTTOM OF THE 2ND
Vista Panthers batting - Pitching for Springfield Stars : LHP Brock Morris
Batting: RHB Alfredo López 0-0: Fly out, F9 (Flyball, 89M)
Batting: RHB Roberto Cruz 0-0: Foul Ball, location: 2F
0-1: Ground out 4-3 (Groundball, 34)
Batting: SHB Mark Wells 0-0: Called Strike
0-1: Foul Ball, location: 2F
0-2: Strikes out swinging
Bottom of the 2nd over - 0 run(s), 0 hit(s), 0 error(s), 0 left on base; Springfield 2 - Vista 0
TOP OF THE 3RD
Springfield Stars batting - Pitching for Vista Panthers : RHP Paco Canpos
Batting: RHB Calvin Bennett 0-0: Ball
1-0: Foul Ball, location: 2F
1-1: Called Strike
1-2: Ground out U3 (Groundball, 3S)
Batting: RHB Norberto Taváres 0-0: Ball
1-0: Foul Ball, location: 2F
1-1: Foul Ball, location: 2F
1-2: Ball
2-2: Ball
3-2: Fly out, F6 (Popup, 6M)
Batting: LHB Derek Davidson 0-0: Foul Ball, location: 2F
0-1: Ball
1-1: Foul Ball, location: 2F
1-2: Ball
2-2: Ground out U3 (Groundball, 3)
Top of the 3rd over - 0 run(s), 0 hit(s), 0 error(s), 0 left on base; Springfield 2 - Vista 0
BOTTOM OF THE 3RD
Vista Panthers batting - Pitching for Springfield Stars : LHP Brock Morris
Batting: LHB Patrick Osborne 0-0: Called Strike
0-1: Ball
1-1: Foul Ball, location: 2F
1-2: DOUBLE (Groundball, 5L)
Pitching: LHP Jorge Aybar
Batting: RHB Wilson López 0-0: Ball
1-0: Foul Ball, location: 2F
1-1: Foul Ball, location: 2F
1-2: Strikes out swinging
Batting: RHB Justin Burgess 0-0: Swinging Strike
0-1: Foul Ball, location: 2F
0-2: Fly out, F4 (Line Drive, 4M)
Batting: RHB Cisco Gatán 0-0: Called Strike
0-1: Foul Ball, location: 2F
0-2: Foul Ball, location: 2F
0-2: Foul Ball, location: 2F
0-2: Foul Ball, location: 2F
0-2: Ball
1-2: Foul Ball, location: 2F
1-2: Ground out 4-3 (Groundball, 4)
Bottom of the 3rd over - 0 run(s), 1 hit(s), 0 error(s), 1 left on base; Springfield 2 - Vista 0
TOP OF THE 4TH
Springfield Stars batting - Pitching for Vista Panthers : RHP Paco Canpos
Batting: LHB Felipe Guerrero 0-0: Called Strike
0-1: Swinging Strike
0-2: Ground out 4-3 (Groundball, 4)
Batting: RHB Juan Rodríguez 0-0: Ball
1-0: Ball
2-0: Called Strike
2-1: Foul Ball, location: 2F
2-2: DOUBLE (Groundball, 5L)
Batting: RHB Juan Carlos Rodríguez 0-0: Called Strike
0-1: Ball
1-1: Reached on error, E5 (Groundball, 5L)
Juan Rodríguez to third
Batting: SHB Shane Hutchinson 0-0: Foul Ball, location: 2F
0-1: Foul Ball, location: 2F
0-2: Strikes out swinging
Batting: RHB Alberto Campos 0-0: Called Strike
0-1: DOUBLE (Line Drive, 9LD)
Juan Rodríguez scores
Juan Carlos Rodríguez to third
Runner from 3rd tries for Home, SAFE, no throw or cutoff
Batting: LHB Jesús Tobías 0-0: Ball
1-0: Ball
2-0: Ball
3-0: Base on Balls
Batting: RHB Calvin Bennett 0-0: Ball
1-0: Foul Ball, location: 2F
1-1: Fielders Choice at 2nd, U4 (Groundball, 4M)
Top of the 4th over - 2 run(s), 2 hit(s), 1 error(s), 2 left on base; Springfield 4 - Vista 0
BOTTOM OF THE 4TH
Vista Panthers batting - Pitching for Springfield Stars : LHP Jorge Aybar
Batting: RHB Phil Matthews 0-0: Ball
1-0: Fly out, F2 (Popup, 2LF)
Batting: RHB Salvador Salas 0-0: Reached on error, E6 (Groundball, 6)
Batting: RHB Alfredo López 0-0: Called Strike
0-1: Ball
1-1: Ground out 6-3 (Groundball, 6)
Batting: RHB Roberto Cruz 0-0: Ball
1-0: Called Strike
1-1: Ground out 6-3 (Groundball, 6)
Bottom of the 4th over - 0 run(s), 0 hit(s), 1 error(s), 1 left on base; Springfield 4 - Vista 0
TOP OF THE 5TH
Springfield Stars batting - Pitching for Vista Panthers : RHP Paco Canpos
Pitching: LHP Li-xue Si-ma
Batting: RHB Norberto Taváres 0-0: Ball
1-0: Ball
2-0: Ball
3-0: Called Strike
3-1: Called Strike
3-2: Foul Ball, location: 2F
3-2: Base on Balls
Batting: LHB Derek Davidson 0-0: Ball
1-0: SINGLE (Flyball, 8RS)
Norberto Taváres to second
Batting: LHB Felipe Guerrero 0-0: Grounds into double play, 6-4-3 (Groundball, 6M)
Norberto Taváres to third
Batting: RHB Juan Rodríguez 0-0: Ball
1-0: Ball
2-0: DOUBLE (Flyball, 78D)
Norberto Taváres scores
Batting: RHB Juan Carlos Rodríguez 0-0: Ball
1-0: Foul Ball, location: 2F
1-1: Ground out 6-3 (Groundball, 6)
Top of the 5th over - 1 run(s), 2 hit(s), 0 error(s), 1 left on base; Springfield 5 - Vista 0
BOTTOM OF THE 5TH
Vista Panthers batting - Pitching for Springfield Stars : LHP Jorge Aybar
Batting: SHB Mark Wells 0-0: Called Strike
0-1: Fly out, F9 (Flyball, 89S)
Batting: LHB Patrick Osborne 0-0: Ball
1-0: Ball
2-0: Swinging Strike
2-1: Ball
3-1: Base on Balls
Batting: RHB Wilson López 0-0: Called Strike
Patrick Osborne is caught stealing 2nd base
0-1: Ground out 5-3 (Groundball, 5L)
Bottom of the 5th over - 0 run(s), 0 hit(s), 0 error(s), 0 left on base; Springfield 5 - Vista 0
TOP OF THE 6TH
Springfield Stars batting - Pitching for Vista Panthers : LHP Li-xue Si-ma
Batting: SHB Shane Hutchinson 0-0: Ball
1-0: Ball
2-0: Ball
3-0: Called Strike
3-1: Foul Ball, location: 2F
3-2: SINGLE (Flyball, 89S)
Batting: RHB Alberto Campos 0-0: Swinging Strike
0-1: Foul Ball, location: 2F
0-2: Ball
1-2: Ball
2-2: Ball
3-2: Grounds into double play, 5-4-3 (Groundball, 56)
Batting: LHB Jesús Tobías 0-0: Foul Ball, location: 2F
0-1: Foul Ball, location: 2F
0-2: Ground out 4-3 (Groundball, 4)
Top of the 6th over - 0 run(s), 1 hit(s), 0 error(s), 0 left on base; Springfield 5 - Vista 0
BOTTOM OF THE 6TH
Vista Panthers batting - Pitching for Springfield Stars : LHP Jorge Aybar
Batting: RHB Justin Burgess 0-0: Ball
1-0: Ball
2-0: Called Strike
2-1: SINGLE (Line Drive, 7S)
Batting: RHB Cisco Gatán 0-0: Fly out, F9 (Flyball, 89D)
Batting: RHB Phil Matthews 0-0: Called Strike
0-1: Grounds into double play, U4-3 (Groundball, 4)
Bottom of the 6th over - 0 run(s), 1 hit(s), 0 error(s), 0 left on base; Springfield 5 - Vista 0
TOP OF THE 7TH
Springfield Stars batting - Pitching for Vista Panthers : LHP Li-xue Si-ma
Pitching: RHP Dave Jackson
Batting: RHB Calvin Bennett 0-0: Called Strike
0-1: Swinging Strike
0-2: Ball
1-2: Foul Ball, location: 2F
1-2: Ball
2-2: Foul Ball, location: 2F
2-2: Fly out, F7 (Line Drive, 7S)
Batting: RHB Norberto Taváres 0-0: Foul Ball, location: 2F
0-1: Ball
1-1: Foul Ball, location: 2F
1-2: Foul Ball, location: 2F
1-2: Ball
2-2: Ball
3-2: Ground out 5-3 (Groundball, 56)
Batting: LHB Derek Davidson 0-0: Fly out, F4 (Popup, 34D)
Top of the 7th over - 0 run(s), 0 hit(s), 0 error(s), 0 left on base; Springfield 5 - Vista 0
BOTTOM OF THE 7TH
Vista Panthers batting - Pitching for Springfield Stars : LHP Jorge Aybar
Pitching: RHP Alberto Vásquez
Batting: RHB Salvador Salas 0-0: Ball
1-0: Fly out, F7 (Line Drive, 7D)
Batting: RHB Alfredo López 0-0: Ball
1-0: Called Strike
1-1: Foul Ball, location: 2F
1-2: Strikes out swinging
Batting: RHB Roberto Cruz 0-0: Called Strike
0-1: Ball
1-1: Ball
2-1: Swinging Strike
2-2: SINGLE (Line Drive, 7S)
Batting: SHB Mark Wells 0-0: Called Strike
0-1: Foul Ball, location: 2F
0-2: Ball
1-2: Foul Ball, location: 2F
1-2: Ball
2-2: Foul Ball, location: 2F
2-2: Strikes out swinging
Bottom of the 7th over - 0 run(s), 1 hit(s), 0 error(s), 1 left on base; Springfield 5 - Vista 0
TOP OF THE 8TH
Springfield Stars batting - Pitching for Vista Panthers : RHP Dave Jackson
Batting: LHB Felipe Guerrero 0-0: Foul Ball, location: 2F
0-1: Foul Ball, location: 2F
0-2: Ball
1-2: Ball
2-2: Ground out 4-3 (Groundball, 4)
Batting: RHB Juan Rodríguez 0-0: Ball
1-0: Ball
2-0: Foul Ball, location: 2F
2-1: Ball
3-1: Foul Ball, location: 2F
3-2: Strikes out looking
Batting: RHB Juan Carlos Rodríguez 0-0: Ball
1-0: Called Strike
1-1: Foul Ball, location: 2F
1-2: SINGLE (Line Drive, 8RS)
Batting: SHB Shane Hutchinson 0-0: Swinging Strike
0-1: Called Strike
0-2: Foul Ball, location: 2F
0-2: Foul Ball, location: 2F
0-2: Foul Ball, location: 2F
0-2: Ball
Wild Pitch!
Juan Carlos Rodríguez to second
1-2: Ball
2-2: Ball
3-2: Fly out, F8 (Line Drive, 8LD)
Top of the 8th over - 0 run(s), 1 hit(s), 0 error(s), 1 left on base; Springfield 5 - Vista 0
BOTTOM OF THE 8TH
Vista Panthers batting - Pitching for Springfield Stars : RHP Alberto Vásquez
Now at 2B: David García
Batting: LHB Patrick Osborne 0-0: Ball
1-0: Ball
2-0: Fly out, F6 (Popup, 6M)
Batting: RHB Wilson López 0-0: Called Strike
0-1: Ball
1-1: Ground out 6-3 (Groundball, 6)
Batting: RHB Justin Burgess 0-0: Ball
1-0: DOUBLE (Flyball, 89XD)
Batting: RHB Cisco Gatán 0-0: SINGLE (Groundball, 4MD)
Justin Burgess to third
Runner from 3rd tries for Home, SAFE, no throw or cutoff
Batting: RHB Phil Matthews 0-0: Foul Ball, location: 2F
0-1: Fly out, F7 (Flyball, 7S)
Bottom of the 8th over - 1 run(s), 2 hit(s), 0 error(s), 1 left on base; Springfield 5 - Vista 1
TOP OF THE 9TH
Springfield Stars batting - Pitching for Vista Panthers : RHP Dave Jackson
Batting: RHB Alberto Campos 0-0: Ball
1-0: Foul Ball, location: 2F
1-1: Ball
2-1: Foul Ball, location: 2F
2-2: Ball
3-2: Strikes out swinging
Batting: LHB Jesús Tobías 0-0: Called Strike
0-1: Foul Ball, location: 2F
0-2: Ball
1-2: Ball
2-2: Foul Ball, location: 2F
2-2: SINGLE (Groundball, 34D)
Pitching: LHP Mario Tobías
Batting: RHB Calvin Bennett 0-0: Ball
1-0: Swinging Strike
1-1: Foul Ball, location: 2F
1-2: Ball
2-2: Strikes out swinging
Batting: RHB Norberto Taváres 0-0: Called Strike
0-1: Called Strike
0-2: Ball
1-2: Foul Ball, location: 2F
1-2: Strikes out swinging
Top of the 9th over - 0 run(s), 1 hit(s), 0 error(s), 1 left on base; Springfield 5 - Vista 1
BOTTOM OF THE 9TH
Vista Panthers batting - Pitching for Springfield Stars : RHP Alberto Vásquez
Batting: RHB Salvador Salas 0-0: Foul Ball, location: 2F
0-1: SOLO HOME RUN (Flyball, 7D), Distance : 435 ft
Pitching: RHP José Valdéz
Batting: RHB Alfredo López 0-0: Ball
1-0: Ball
2-0: Foul Ball, location: 2F
2-1: Ball
3-1: Ground out 6-3 (Groundball, 6)
Batting: RHB Roberto Cruz 0-0: Ground out 5-3 (Groundball, 56)
Batting: SHB Mark Wells 0-0: Ball
1-0: Foul Ball, location: 2F
1-1: Foul Ball, location: 2F
1-2: Ball
2-2: SINGLE (Line Drive, 34D)
Batting: LHB Patrick Osborne 0-0: Ball
1-0: Ball
2-0: Called Strike
2-1: Foul Ball, location: 2F
2-2: Strikes out swinging
Bottom of the 9th over - 1 run(s), 2 hit(s), 0 error(s), 1 left on base; Springfield 5 - Vista 2
Monday, December 5th, 2016 - OOTP Baseball 17.12 Build 75